 Dungeon Crawl Stone Soup version 0.15-a0-35-ga771cbd (webtiles) character file.

297 4tharraofdagon the Chopper (level 5, 7/49 HPs)
             Began as a Deep Dwarf Fighter on Apr 2, 2014.
             Starved to death
             ... on Level 7 of the Dungeon.
             The game lasted 00:03:58 (918 turns).

4tharraofdagon the Chopper (Deep Dwarf Fighter)      Turns: 918, Time: 00:03:58

HP   7/49        AC  7     Str 20      XL: 5   Next: 84%
MP   5/5         EV  3     Int  7      God:
Gold 52          SH 18     Dex 12      Spells:  0 memorised,  4 levels left

rFire  . . .     SeeInvis .     a - +0 war axe
rCold  . . .     Clarity  .     r - +0 plate armour
rNeg   . . .     Conserve .     c - +0 shield
rPois  .         rCorr    .     (no helmet)
rElec  .         rRot     .     (no cloak)
SustAb . .       Spirit   .     (no gloves)
rMut   .         Warding  .     (no boots)
Saprov . . .     Stasis   .     (no amulet)
MR     .....                    (no ring)
                                n - ring of flight

@: non-regenerating, not resistant to hostile enchantments, extremely unstealthy
A: damage resistance, recharge devices, talons 1, deformed body, dopey 1, sense
surroundings 1, slow healing 3
a: Device Recharging, Evoke Flight


You were on level 7 of the Dungeon.
You were starving.

You visited 1 branch of the dungeon, and saw 8 of its levels.

You collected 52 gold pieces.

Inventory:

Hand weapons
 a - a +0,+0 war axe (weapon)
Armour
 b - a +0 scale mail
 c - a +0 shield (worn)
 g - a +0 scale mail
 r - a +0 plate armour (worn)
Magical devices
 d - a wand of heal wounds (2)
 k - a wand of flame (7)
 t - a wand of draining (4)
 u - a wand of frost (8)
Comestibles
 f - 2 bread rations
 l - 3 meat rations
Scrolls
 h - a scroll of random uselessness {unknown}
 i - 3 scrolls of identify
 j - a scroll of remove curse {unknown}
 m - a scroll of magic mapping {unknown}
 o - a scroll of teleportation {unknown}
 q - a scroll of fog {unknown}
Jewellery
 n - a ring of flight (left hand)
Potions
 e - a potion of might
 p - 3 potions of curing
 s - a potion of haste


   Skills:
 + Level 3.5 Fighting
 * Level 5.1 Axes
 + Level 4.7 Armour
 - Level 3.2 Shields


You had 4 spell levels left.
You didn't know any spells.

Dungeon Overview and Level Annotations

Branches:
Dungeon (8/15)
 Temple: D:4-7         Lair: D:8-11

Altars:
Dithmenos


Innate Abilities, Weirdness & Mutations

You are resistant to damage.
You can recharge devices by infusing magical energy.
You passively map a small area around you.
You do not heal naturally.
You have sharp toenails.
Armour fits poorly on your strangely shaped body.
You are dopey. (Int -2)


Message History

You feel slightly more hungry!
Your plate armour prevents you from hitting the hungry ghost!
You claw the hungry ghost, but do no damage!
The hungry ghost is severely damaged!
The hungry ghost hits you but does no damage!
You miss the hungry ghost! You claw the hungry ghost!
The hungry ghost is almost destroyed!
You block the hungry ghost's attack!
You closely miss the hungry ghost! Your kick misses the hungry ghost!
The hungry ghost is almost destroyed!
You block the hungry ghost's attack!
The hungry ghost hits you but does no damage!
You chop the hungry ghost but do no damage!
The hungry ghost is almost destroyed!
You block the hungry ghost's attack!
You barely miss the hungry ghost!
The hungry ghost is almost destroyed!
The hungry ghost hits you but does no damage! x2
You have starved to death!
You die!!!

. . *
##.....##
.....##
##.......#
####.#...##
#.........
,.,.........
+.........
...#.......
*#.........
*
#..#......#
#.......#
,#.......[.#
#.....# >
#.........#
####...##
*#......@..#
##>..#+## *
*,
.....##p##.#
##.###..# ,
.,
#.##.###.##
##.# *
#.....%..#
#.##
####.###.#
#.<# * ...#
##.#*#......
* #####
#.........
#####.#.##
###.#


You could see a hungry ghost.

Vanquished Creatures
  Blork the orc (D:5)
  A giant frog (D:6)
  A hound (D:5)
  A centaur skeleton (D:4)
  A worker ant (D:4)
  An adder (D:7)
  A shadow imp (D:5)
  A giant eyeball (D:4)
  A giant gecko (D:6)
  3 orcs (D:3)
  3 bats (D:4)
  A giant cockroach (D:4)
  4 goblins
  4 hobgoblins
  2 kobolds
  A giant newt (D:5)
  2 rats (D:4)
29 creatures vanquished.

Notes
Turn   | Place    | Note
--------------------------------------------------------------
     0 | D:1      | 4tharraofdagon, the Deep Dwarf Fighter, began the quest for the Orb.
     0 | D:1      | Reached XP level 1. HP: 20/20 MP: 1/1
   188 | D:4      | Noticed an orc wizard
   213 | D:3      | Reached XP level 2. HP: 22/27 MP: 2/2
   317 | D:4      | Noticed a centaur skeleton
   317 | D:4      | Noticed a worker ant
   318 | D:4      | Paralysed by a giant eyeball for 4 turns
   339 | D:4      | Killed a centaur skeleton
   339 | D:4      | Reached XP level 3. HP: 26/34 MP: 3/3
   345 | D:4      | Killed a worker ant
   345 | D:4      | Reached skill level 4 in Armour
   345 | D:4      | Reached XP level 4. HP: 32/42 MP: 4/4
   380 | D:5      | Entered Level 5 of the Dungeon
   484 | D:5      | Noticed Blork the orc
   508 | D:5      | Killed Blork the orc
   508 | D:5      | Reached XP level 5. HP: 32/49 MP: 5/5
   627 | D:5      | Found a shadowy altar of Dithmenos.
   670 | D:6      | Gained mutation: Armour fits poorly on your strangely shaped body. [potion of mutation]
   670 | D:6      | Gained mutation: You have sharp toenails. [potion of mutation]
   670 | D:6      | Gained mutation: You are dopey. (Int -2) [potion of mutation]
   672 | D:6      | D:
   741 | D:6      | Reached skill level 5 in Axes
   875 | D:7      | Noticed a hungry ghost
   918 | D:7      | Starved to death

Action                   |  1- 3 |  4- 6 || total
-------------------------+-------+-------++-------
Melee: War axe           |    57 |   106 ||   163
Evoke: Wand              |     1 |     5 ||     6
  Use: Scroll            |       |     3 ||     3
       Potion            |       |     1 ||     1
